 Dungeon Crawl Stone Soup version 0.29-a0-359-g541a27f54d (webtiles) character file.

Game seed: 4667316548139945298

463 HendSelp the Cudgeller (level 7, -1/42 HPs)
             Began as a Gargoyle Gladiator on Apr 26, 2022.
             Slain by an ogre
             ... wielding a +0 giant club
              (4 damage)
             ... on level 5 of the Dungeon on Apr 27, 2022.
             The game lasted 00:07:45 (4624 turns).

HendSelp the Cudgeller (Gargoyle Gladiator)         Turns: 4624, Time: 00:07:46

Health: -1/42      AC: 15    Str: 20    XL:     7   Next: 7%
Magic:  7/7        EV:  8    Int:  8    God:
Gold:   192        SH:  0    Dex: 11    Spells: 6/6 levels left

rFire   . . .      SeeInvis .   a - +0 flail
rCold   . . .      Faith    .   (no shield)
rNeg    + . .      Spirit   .   p - +0 chain mail
rPois   ∞          Reflect  .   c - +0 helmet
rElec   +          Harm     .   (no cloak)
rCorr   .          Rampage  .   (no gloves)
Will    .....                   (no boots)
Stlth   ..........              (no amulet)
HPRegen 0.14/turn               (no ring)
MPRegen 0.10/turn               (no ring)

@: brilliant
A: sickness immunity, AC +4, negative energy resistance 1, electricity
resistance, torment resistance 1, petrification resistance
a: no special abilities


You were on level 5 of the Dungeon.
You visited 1 branch of the dungeon, and saw 5 of its levels.

You collected 192 gold pieces.

Inventory:

Hand Weapons
 a - a +0 flail (weapon)
Missiles
 e - a javelin (quivered)
 v - a throwing net
Armour
 c - a +0 helmet (worn)
 p - a +0 chain mail (worn)
Wands
 t - a wand of polymorph (6)
Scrolls
 d - a scroll of vulnerability
 f - a scroll of immolation
 g - 2 scrolls of teleportation
 h - 3 scrolls of amnesia
Potions
 b - a potion of invisibility {unknown}
 i - a potion of cancellation {unknown}
 j - 3 potions of lignification
 k - 2 potions of flight
 l - 2 potions of heal wounds {unknown}
 m - a potion of magic {unknown}
 n - a potion of attraction {unknown}
 o - 3 potions of brilliance
 q - 2 potions of might {unknown}
 r - a potion of mutation {unknown}
 s - 2 potions of degeneration {unknown}


   Skills:
 * Level 3.8 Fighting
 * Level 6.2 Maces & Flails
 - Level 1.7 Throwing
 * Level 3.5 Armour
 - Level 2.4 Dodging


You had 6 spell levels left.
You didn't know any spells.
Your spell library was empty.

Dungeon Overview and Level Annotations

Branches:
Dungeon (5/15)
 Temple: D:4-7

Altars:
Wu Jian


Innate Abilities, Weirdness & Mutations

You are immune to sickness and miasma.
Your stone body is resilient. (AC +4)
You are immune to poison.
You resist negative energy. (rN+)
You are resistant to electric shocks. (rElec)
You are resistant to unholy torment.
You are immune to petrification.


Message History

Your Maces & Flails skill increases to level 6!
You have reached level 7!
Found a stone staircase leading down.
A hound comes into view.
The hound barks!
You hear a shout!
An ogre comes into view. It is wielding a +0 giant club.
The hound bites you.
* * * LOW HITPOINT WARNING * * *
The hound bites you but does no damage.
The ogre shouts!
The hound bites you but does no damage.
An orc wizard comes into view. It is wielding a +0 dagger.
You barely miss the hound. The hound bites you but does no damage.
The hound barely misses you.
Unknown command.
You sock the hound!
The hound is moderately wounded.
The hound bites you but does no damage. x2
Unknown command.
It was a potion of brilliance.
You feel clever all of a sudden. The hound bites you but does no damage.
An orc wizard comes into view. It is wielding a +0 dagger.
Unknown command.
The orc wizard shouts!
You hit the hound.
The hound is heavily wounded.
The hound barely misses you. The hound bites you but does no damage.
Unknown command.
You closely miss the hound.
The hound is heavily wounded.
The hound bites you but does no damage.
An orc comes into view. It is wielding a +0 club.
The hound bites you.
* * * LOW HITPOINT WARNING * * *
You barely miss the hound.
The hound is moderately wounded.
The orc shouts!
The ogre hits you with a +0 giant club.
You die...

...........#####
...####.#### #.#
#.# # #.# #.
##.## #..# #...#
####
.....#O..#.....
.o.o..h@..^....
...#..o........
. #..........>
###.$.#.....
....#.....
...........
..##.###..#. ...
#.# .# ..## #.#


You could see an ogre, a hound, 2 orc wizards and an orc.

Vanquished Creatures
  2 ice beasts (D:5)
  A necrophage (D:5)
  A hound (D:3)
  An orc priest (D:3)
  Terence (D:3)
  4 adders
  2 worms (D:2)
  2 dart slugs
  14 orcs
  6 endoplasms
  2 giant cockroaches
  3 goblins
  5 hobgoblins
  4 jackals (D:3)
  5 quokkas (D:1)
  7 ball pythons
  4 bats
  3 frilled lizards
  6 kobolds
  8 rats
81 creatures vanquished.

Notes
Turn   | Place    | Note
-------+----------+-------------------------------------------
     0 | D:1      | HendSelp the Gargoyle Gladiator began the quest for the
                  | Orb.
     0 | D:1      | Reached XP level 1. HP: 12/12 MP: 1/1
    42 | D:1      | Reached XP level 2. HP: 17/17 MP: 2/2
   558 | D:1      | Reached XP level 3. HP: 20/22 MP: 3/3
   744 | D:1      | Reached skill level 1 in Armour
  1048 | D:2      | Found an ornate altar of the Wu Jian Council.
  1219 | D:2      | Reached skill level 4 in Maces & Flails
  1532 | D:2      | Reached XP level 4. HP: 23/27 MP: 4/4
  2044 | D:3      | Reached XP level 5. HP: 25/32 MP: 5/5
  2692 | D:3      | Noticed Terence
  3104 | D:3      | Killed Terence
  3105 | D:3      | Reached skill level 5 in Maces & Flails
  3763 | D:4      | HP: 1/32 [orc/+0 club (2)]
  3765 | D:4      | Upgraded the game from 0.29-a0-356-g7bc237e783 to
                  | 0.29-a0-359-g541a27f54d
  4494 | D:5      | Entered Level 5 of the Dungeon
  4496 | D:5      | Noticed an ice beast
  4518 | D:5      | Killed an ice beast
  4519 | D:5      | Reached XP level 6. HP: 14/37 MP: 6/6
  4603 | D:5      | Noticed an ice beast
  4612 | D:5      | Killed an ice beast
  4613 | D:5      | Reached skill level 6 in Maces & Flails
  4613 | D:5      | Reached XP level 7. HP: 12/42 MP: 7/7
  4624 | D:5      | Slain by an ogre

Illustrated notes

Levels and vault maps discovered:
D:1:      dpeg_arrival_ternary, layout_basic, chequers_serial_rivers_room_a
D:2:      layout_loops_ring, basic_altar
D:3:      layout_loops_cross, uniq_terence
D:4:      layout_gridville
D:5:      layout_loops_ring, portal_sewer_entry_b, kennysheep_generic_room_16,
          uniq_blork_the_orc

Skill      XL: |  1  2  3  4  5  6 |
---------------+-------------------+-----
Armour         | 1 2 3 |  3.5
Maces & Flails | 4 5 6 |  6.2
Fighting       | 3 |  3.8
Throwing       | |  1.7
Dodging        | |  2.4

Action                   |  1- 3 |  4- 6 |  7- 9 || total
-------------------------+-------+-------+-------++-------
Melee: Flail             |   145 |   149 |     5 ||   299
       Punch             |     1 |     1 |       ||     2
       Unarmed           |       |    12 |       ||    12
Throw: Throwing net      |       |     3 |       ||     3
  Use: Scroll            |     6 |     4 |       ||    10
       Potion            |       |     4 |     1 ||     5
 Stab: Held in net/web   |       |     2 |       ||     2
       Confused          |       |     1 |       ||     1
Armor: Leather armour    |    41 |       |       ||    41
       Chain mail        |    34 |   152 |     8 ||   194
       Skin              |       |    22 |       ||    22
Dodge: Dodged            |    90 |    72 |     2 ||   164

Table legend: (Time is in decaauts)
 A = Elapsed time spent in this place.
 B = Non-inter-level travel time spent in this place.
 C = Inter-level travel time spent in this place.
 D = Time resting spent in this place.
 E = Time spent auto-exploring this place.
 F = Levels seen in this place.
 G = Mean time per level.
                   A        B        C        D        E       F      G
               +--------+--------+--------+--------+--------+-----+--------+
         Total |   4674 |   4545 |    129 |    522 |   3306 |   5 |  934.8 |
       Dungeon |   4674 |   4545 |    129 |    522 |   3306 |   5 |  934.8 |
               +--------+--------+--------+--------+--------+-----+--------+

Top non-repeatable levels by time:
     D:4: 1285 daAuts
     D:2: 1270 daAuts
     D:1: 1056 daAuts
     D:3: 928 daAuts
     D:5: 133 daAuts
